 Dungeon Crawl Stone Soup version 0.29.1-12-g30fa7ad0bf (webtiles) character file.

Game seed: 7468204284749026305

54 nachturnus the Slasher (level 4, 0/35 HPs)
             Began as a Human Monk on Jan 10, 2023.
             Slain by Terence
             ... wielding a +0 flail
              (4 damage)
             ... on level 2 of the Dungeon.
             The game lasted 00:04:15 (1297 turns).

nachturnus the Slasher (Human Monk)                 Turns: 1297, Time: 00:04:15

Health: 0/35       AC:  7    Str: 12    XL:     4   Next: 12%
Magic:  13/13      EV: 10    Int: 10    God:
Gold:   90         SH:  0    Dex: 17    Spells: 3/3 levels left

rFire   . . .      SeeInvis .   a - +0 falchion
rCold   . . .      Faith    .   (no shield)
rNeg    . . .      Spirit   .   b - +0 scale mail
rPois   .          Reflect  .   (no helmet)
rElec   .          Harm     .   e - +0 cloak "Sorhaisk" {MP+9}
rCorr   .          Rampage  .   (no gloves)
Will    .....                   (no boots)
Stlth   +.........              (no amulet)
HPRegen 0.11/turn               (no ring)
MPRegen 0.13/turn               (no ring)

@: no status effects
A: no striking features
a: no special abilities


You were on level 2 of the Dungeon.
You visited 1 branch of the dungeon, and saw 2 of its levels.

You collected 90 gold pieces.

Inventory:

Hand Weapons
 a - a +0 falchion (weapon)
Armour
 b - a +0 scale mail (worn)
 d - a +0 leather armour
 e - the +0 cloak "Sorhaisk" (worn) {MP+9}
   (You found it on level 2 of the Dungeon)

   MP:        It affects your magic capacity (+9).
Jewellery
 h - a +6 ring of intelligence
Scrolls
 f - a scroll of enchant weapon
 g - a scroll of blinking {unknown}
 i - a scroll of immolation {unknown}
Potions
 c - a potion of ambrosia


   Skills:
 - Level 3.0 Fighting
 + Level 4.7 Long Blades
 - Level 3.0 Dodging
 - Level 2.0 Stealth


You had 3 spell levels left.
You didn't know any spells.
Your spell library was empty.

Dungeon Overview and Level Annotations

Branches:
Dungeon (2/15)

Altars:

Annotations:
D:2 Terence


Message History

h - a +6 ring of intelligence You see here a +1 dagger of venom.
i - a scroll labelled QEINLE ROCKEZE
Found a sling.
You see here a +0 sling.
You see here a +0 sling.
There is a stone staircase leading down here.
An adder comes into view.
The adder hisses angrily.
You hit the adder but do no damage. The adder closely misses you.
You hit the adder.
The adder is severely wounded.
The adder bites you but does no damage.
You slash the adder!
You kill the adder!
You have reached level 4!
You feel stronger.
There is a stone staircase leading down here.
Terence the Incautious comes into view.
He is wielding a +0 flail and carrying a wand of flame (11).
Terence zaps a wand.
The puff of flame misses you.
Terence zaps a wand.
The puff of flame hits you! Terence hits you with a +0 flail!
You hit Terence but do no damage.
Terence zaps a wand.
The puff of flame hits you.
You slash Terence!
Terence is moderately wounded.
Terence barely misses you.
You hit Terence but do no damage.
Terence is moderately wounded.
Terence hits you with a +0 flail.
Terence zaps a wand.
The puff of flame hits you.
* * * LOW HITPOINT WARNING * * *
You barely miss Terence.
Terence is moderately wounded.
Terence hits you with a +0 flail.
* * * LOW HITPOINT WARNING * * *
You hit Terence.
Terence is heavily wounded.
Terence hits you with a +0 flail.
You die...

###### #.#####..
##### #.....#
##...## #####
#####.# # ##.....#
..... #.#.# .
#.<....# #...#
#.#.# ## #......#
#...# #...# #.
#......# #...#
#.### #. ##.....#
#.@.# #.# #.
##...## #.@.#
#.#####.
#...#########...#
#>....#.
###.#.........#...#
#.###.#.
....###########...#
#.# #.#. ....####
#...# #.# #.#.
......<# #...#
#.###.#. ...>####
#...# #.#.....
....# #...#
#.#...[. ###.#
#####...#####
##.......


You could see Terence.

Vanquished Creatures
  3 adders (D:2)
  A worm (D:2)
  A dart slug (D:2)
  2 ball pythons
  A bat (D:1)
  An endoplasm (D:2)
  2 giant cockroaches (D:2)
  A goblin (D:2)
  2 hobgoblins (D:1)
  2 kobolds
  2 quokkas (D:1)
  A frilled lizard (D:1)
  2 rats
21 creatures vanquished.

Notes
Turn   | Place    | Note
-------+----------+-------------------------------------------
     0 | D:1      | nachturnus the Human Monk began the quest for the Orb.
     0 | D:1      | Reached XP level 1. HP: 18/18 MP: 1/1
   352 | D:1      | Reached XP level 2. HP: 24/24 MP: 2/2
   692 | D:2      | Identified the +0 cloak "Sorhaisk" {MP+9}
   802 | D:2      | Reached skill level 4 in Long Blades
   802 | D:2      | Reached XP level 3. HP: 21/29 MP: 3/3
  1223 | D:2      | Reached XP level 4. HP: 35/35 MP: 4/4
  1288 | D:2      | Noticed Terence
  1297 | D:2      | Slain by Terence

Illustrated notes

Levels and vault maps discovered:
D:1:      wander_arrival_chamber, layout_rooms
D:2:      layout_loops_ring, serial_shops, shop, serial_co_window_serial,
          co_window_paths_a, co_window_paths_b, co_window_of_opportunity_a,
          co_window_paths_a, co_window_paths_b, co_window_paths_a,
          co_window_corner_a, co_window_corner_a, co_window_cross_1,
          co_window_2corner, co_window_corner_b, co_window_corner_ca,
          co_window_broadway_a, glass_columns_c, minmay_misc_feat_alley,
          uniq_terence

Skill      XL: |  1  2 |
---------------+-------+-----
Long Blades    | 4 |  4.7
Fighting       | |  3.0
Dodging        | |  3.0
Stealth        | |  2.0

Action                   |  1- 3 |  4- 6 || total
-------------------------+-------+-------++-------
Melee: Falchion          |    70 |     5 ||    75
       Punch             |     1 |       ||     1
  Use: Scroll            |     2 |       ||     2
 Stab: Sleeping          |     2 |       ||     2
Armor: Robe              |     5 |       ||     5
       Leather armour    |     3 |       ||     3
       Scale mail        |     8 |       ||     8
Dodge: Dodged            |    50 |     2 ||    52
